AoeStats
← mordisquito69

QS Arena

503508264Analyzed
4v4 RM · 1mo ago on Sep 1, 2026· 40m 52s· 8 players
Game mode
Random Map
Map size
Large (8 player)
Population
200
Speed
Normal
Resources
Standard
Victory
Conquest
Starting age
Dark Age
Ending age
Imperial Age
RankedLock teamsTeams togetherTeam positionsShared explorationLock speedFull tech treeHidden civsTurbo modeCheats
Victory
Defeat
🇨🇦 Vikings · Canada
1108
+17
🇨🇴 Cumans · Colombia
1098
+17
🇺🇸 Bohemians · United States
1095
+17
🇨🇴 Celts · Colombia
1081
+22
🇦🇷 Hindustanis · Argentina
1158
-19
🇺🇸 Franks · United States
1147
-18
🇲🇰 Saracens · North Macedonia
1121
-17
🇺🇸 Teutons · United States
1065
-15
V
5:02 Loom
7:30 Feudal Age
8:43 Double-Bit Axe
15:20 Castle Age
15:50 Padded Archer Armor
15:52 Crossbowman
16:53 Fletching
18:36 Forging
18:53 Town Watch
19:43 Gold Mining
20:19 Bodkin Arrow
22:32 Bow Saw
25:14 Horse Collar
26:35 Leather Archer Armor
26:22 Scale Mail Armor
27:29 Pikeman
28:09 Squires
29:13 Iron Casting
28:53 Chain Mail Armor
28:34 Pikeman
33:17 Heavy Plow
34:43 Ballistics
34:34 Fortified Wall
35:25 Chain Mail Armor
42:12 Imperial Age
41:11 Gold Shaft Mining
40:42 Chieftains
Achilles333
9:29 Feudal Age
14:20 Castle Age
12:33 Double-Bit Axe
13:04 Horse Collar
19:24 Imperial Age
17:21 Bow Saw
17:53 Heavy Plow
18:59 Chemistry
27:03 Padded Archer Armor
30:57 Leather Archer Armor
31:03 Masonry
32:03 Loom
32:53 Wheelbarrow
34:35 Hand Cart
35:22 Two-Man Saw
35:33 Pikeman
36:13 Squires
36:16 Scale Mail Armor
36:27 Forging
37:13 Chain Mail Armor
37:28 Ring Archer Armor
hargir
8:08 Feudal Age
12:22 Castle Age
10:54 Double-Bit Axe
33:05 Bow Saw
38:52 Imperial Age
37:46 Wheelbarrow
37:11 Horse Collar
37:06 Pikeman
38:31 Gold Mining
39:45 Siege Engineers
39:12 Capped Ram
40:38 Conscription
40:44 Hand Cart
40:15 Loom
40:44 Siege Ram
TheWarrior
7:03 Feudal Age
15:17 Horse Collar
15:31 Double-Bit Axe
17:06 Wheelbarrow
20:35 Castle Age
20:01 Gold Mining
21:45 Loom
22:17 Hand Cart
22:01 Fletching
23:11 Heavy Plow
25:28 Gold Shaft Mining
28:28 Imperial Age
27:23 Bow Saw
28:16 Scale Barding Armor
28:22 Forging
28:07 Bodkin Arrow
28:30 Bloodlines
29:35 Chain Barding Armor
29:06 Cavalier
30:46 Conscription
31:23 Plate Barding Armor
32:28 Iron Casting
32:32 Bodkin Arrow
32:24 Light Cavalry
35:19 Stone Mining
37:51 Blast Furnace
36:22 Paladin
Governator01
8:20 Feudal Age
8:46 Double-Bit Axe
8:45 Horse Collar
11:38 Wheelbarrow
13:39 Man-at-Arms
14:27 Loom
18:50 Castle Age
17:52 Fletching
19:40 Bodkin Arrow
20:54 Bow Saw
27:28 Hand Cart
35:35 Imperial Age
35:20 Ballistics
35:11 Fortified Wall
35:12 Masonry
35:49 Pikeman
36:52 Fortified Wall
36:29 Arrowslits
37:47 Chemistry
38:06 Bloodlines
39:22 Siege Engineers
39:28 Masonry
39:32 Forging
39:27 Scale Barding Armor
39:23 Scale Mail Armor
39:28 Cavalier
40:50 Iron Casting
Sonhero1
1:19 Loom
8:41 Feudal Age
14:12 Castle Age
13:05 Double-Bit Axe
13:42 Stone Mining
16:57 Bow Saw
18:59 Wheelbarrow
20:03 Hand Cart
20:46 Gold Mining
23:24 Town Watch
23:56 Scale Mail Armor
24:01 Scale Barding Armor
30:40 Elite Skirmisher
34:05 Chain Mail Armor
34:00 Forging
35:31 Gold Shaft Mining
38:02 Imperial Age
36:33 Fletching
36:43 Padded Archer Armor
37:04 Chain Barding Armor
37:20 Iron Casting
37:25 Bodkin Arrow
38:43 Cavalier
39:24 Husbandry
CrniOdSever
4:51 Loom
10:26 Feudal Age
11:17 Double-Bit Axe
11:15 Horse Collar
14:22 Castle Age
18:46 Bow Saw
24:21 Scale Barding Armor
28:35 Heavy Plow
29:14 Wheelbarrow
32:32 Imperial Age
31:15 Forging
32:31 Chain Barding Armor
32:47 Iron Casting
32:39 Elite Mameluke
33:34 Bloodlines
33:25 Husbandry
34:22 Heavy Camel Rider
mordisquito69
9:03 Feudal Age
12:55 Castle Age
10:44 Double-Bit Axe
10:45 Horse Collar
14:44 Bow Saw
15:21 Heavy Plow
16:53 Loom
17:54 Wheelbarrow
20:01 Gold Mining
21:11 Fletching
21:10 Elite Skirmisher
21:49 Bodkin Arrow
23:02 Hand Cart
22:54 Padded Archer Armor
23:32 Ballistics
24:50 Leather Archer Armor
26:15 Fortified Wall
29:13 Imperial Age
27:35 Town Watch
28:47 Masonry
29:39 Gold Shaft Mining
30:06 Thumb Ring
31:04 Chemistry
30:08 Bracer
30:39 Ring Archer Armor
32:04 Two-Man Saw
33:46 Grand Trunk Road
35:06 Coinage
34:45 Stone Mining
37:47 Siege Engineers
Connection lost

Rejoining the realm…

Still unreachable

The connection could not be restored.

Session expired

The server has moved on; the page needs a fresh start.